 Dungeon Crawl Stone Soup version 0.31.0-11-ge490571c62 (webtiles) character file.

Game seed: 15508803852438324667

237 qw the Shooter (level 5, -5/26 HPs)
             Began as a Spriggan Hunter on Feb 3, 2024.
             Was an Initiate of Okawaru.
             Slain by a yak (12 damage)
             ... on level 5 of the Dungeon.
             The game lasted 00:00:10 (2357 turns).

qw the Shooter (Spriggan Hunter)                    Turns: 2357, Time: 00:00:10

Health: -5/26      AC:  9    Str:  7    XL:     5   Next: 77%
Magic:  6/6        EV: 20    Int: 10    God:    Okawaru [......]
Gold:   49         SH:  5    Dex: 21    Spells: 4/4 levels left

rFire   . . .        a - +0 shortbow
rCold   + . .        (shield currently unavailable)
rNeg    . . .        o - +3 robe of the Storm King {rC+ rCorr}
rPois   .            (helmet restricted)
rElec   .            (no cloak)
rCorr   +            (gloves unavailable)
SInv    +            (boots unavailable)
Will    .....        k - amulet of reflection
Stlth   ++           g - +4 ring of protection
HPRegen 0.24/turn    (no ring)
MPRegen 0.10/turn

%: reflection
@: very quick
A: very small, no large weapons, unfitting armour, see invisible, speed 3
a: Renounce Religion


You were on level 5 of the Dungeon.
You worshipped Okawaru.
Okawaru was noncommittal.
You visited 1 branch of the dungeon, and saw 5 of its levels.

You collected 237 gold pieces.
You spent 188 gold pieces at shops.


Innate Abilities, Weirdness & Mutations

You are very small and have problems with some larger weapons.
You are too small for most types of armour.
You have supernaturally acute eyesight. (SInv)
You cover ground extremely quickly. (Speed+++)


   Skills:
 - Level 2.1 Fighting
 - Level 6.0 Ranged Weapons
 + Level 5.1 Dodging
 - Level 1.5 Stealth


You had 4 spell levels left.
You didn't know any spells.
Your spell library was empty.

Inventory:

Hand Weapons
 a - a +0 shortbow (weapon)
Armour
 o - the +3 robe of the Storm King (worn) {rC+ rCorr}
   (You bought it in a shop on level 4 of the Dungeon)

   rC+:       It protects you from cold.
   rCorr:     It protects you from acid and corrosion.
Jewellery
 b - a ring of resist corrosion
 g - a +4 ring of protection (left hand)
 i - a ring of fire
 k - an amulet of reflection (around neck)
Potions
 e - a potion of cancellation
 f - a potion of haste {unknown}
 h - a potion of brilliance {unknown}
 j - a potion of curing {unknown}

Dungeon Overview and Level Annotations

Branches:
Dungeon (4/15)
 Temple: D:4-7

Altars:
Dithmenos
Okawaru
Trog
Vehumet
The Shining One

Shops:
D:1 *[(!*   D:4 ([

Annotations:
D:1 2 transporters


Message History

You shoot an arrow. The arrow hits the yak.
The yak is lightly wounded.
You shoot an arrow. The arrow hits the yak.
The yak is lightly wounded.
You shoot an arrow. The arrow hits the yak.
The yak is moderately wounded.
You shoot an arrow. The arrow barely misses the yak.
You shoot an arrow. The arrow completely misses the yak.
The yak closely misses you.
You shoot an arrow. The arrow hits the yak!
The yak is heavily wounded.
You block the yak's attack. The yak completely misses you.
You shoot an arrow. The arrow hits the yak.
The yak is heavily wounded.
The yak completely misses you.
You shoot an arrow.
The arrow hits the yak but does no damage.
The yak is heavily wounded.
The yak misses you.
You shoot an arrow.
The arrow hits the yak but does no damage.
The yak is heavily wounded.
The yak completely misses you.
You shoot an arrow. The arrow hits the yak.
The yak is severely wounded.
The yak gores you!
Ouch! That really hurt!
You shoot an arrow. The arrow hits the yak.
The yak is severely wounded.
The yak gores you.
You shoot an arrow.
The arrow hits the yak but does no damage.
The yak is severely wounded.
The yak barely misses you.
You shoot an arrow. The arrow hits the yak!
The yak is almost dead.
The yak misses you.
You shoot an arrow. The arrow barely misses the yak.
The yak gores you!
You die...

......# ..... ..... ....
#..# # #..##.####
#.Y......# #@##.##.# 7+7
#.##..#.# 7.. #.# ....#
7.~ #.# #.#.# ##7..
#######.###.#.# ###.'..
#.............####...7..
..#########........##7.~
########.# 7.. #.##7+7


You could see a yak.

Vanquished Creatures
  A jelly (D:4)
  A hound (D:4)
  Terence (D:3)
  An iguana (D:5)
  Robin (D:3)
  4 adders
  An ufetubus (D:5)
  2 ribbon worms
  An orc (D:4)
  8 ball pythons
  4 bats
  2 endoplasms (D:1)
  3 giant cockroaches
  16 goblins
  7 hobgoblins
  3 jackals (D:1)
  3 kobolds
  2 quokkas (D:1)
  3 frilled lizards
  4 rats
68 creatures vanquished.

Notes
Turn   | Place    | Note
-------+----------+-------------------------------------------
     0 | D:1      | qw the Spriggan Hunter began the quest for the Orb.
     0 | D:1      | Reached XP level 1. HP: 10/10 MP: 2/2
     0 | D:1      | 0 ||| qw: Version: 0.3-a-158-g18b3111
     0 | D:1      | 0 ||| qw: Game counter: 4050
     0 | D:1      | 0 ||| qw: Melee chars always use a shield: true
     0 | D:1      | 0 ||| qw: God list: Okawaru
     0 | D:1      | 0 ||| qw: Allow faded altars: false
     0 | D:1      | 0 ||| qw: Do Orc after clearing Dungeon:15 true
     0 | D:1      | 0 ||| qw: Do second Lair branch before Depths: true
     0 | D:1      | 0 ||| qw: Lair rune preference: random
     0 | D:1      | 0 ||| qw: Goals: Normal
     0 | D:1      | 0 ||| PLANNING D:1-11
   106 | D:1      | Reached skill level 3 in Dodging
   134 | D:1      | Found Yxtiegiyre's Distillery.
   145 | D:1      | 145 ||| SHOPLISTING potion of heal wounds (65 gold, have
                  | 0).
   145 | D:1      | 145 ||| SHOPLISTING potion of mutation (104 gold, have 0).
   170 | D:1      | Found Cifut's Weapon Shoppe.
   174 | D:1      | Found a faded altar of an unknown god.
   247 | D:1      | Found Furam's General Store.
   261 | D:1      | 261 ||| SHOPLISTING +2 robe of cold resistance (177 gold,
                  | have 25).
   261 | D:1      | 261 ||| SHOPLISTING potion of curing (30 gold, have 25).
   261 | D:1      | 261 ||| SHOPLISTING scroll of teleportation (30 gold, have
                  | 25).
   315 | D:1      | Reached XP level 2. HP: 14/14 MP: 3/3
   472 | D:1      | Found Adiasimm's Antique Armour Emporium.
   477 | D:1      | 477 ||| SHOPLISTING runed robe (85 gold, have 25).
   495 | D:1      | Found a transporter.
   495 | D:1      | Found Aluur's General Store.
   522 | D:1      | Found a transporter.
   608 | D:1      | 608 ||| UPGRADING to +4 ring of protection.
   609 | D:1      | 609 ||| READING scroll labelled NATEIL VEAQEIL.
   612 | D:1      | 612 ||| READING scroll labelled IWKIBO MITEMO.
   613 | D:1      | 613 ||| READING 2 scrolls labelled XATZIN HYUBUXT.
   614 | D:1      | 614 ||| DROPPING scroll of butterflies.
   615 | D:1      | 615 ||| DROPPING scroll of amnesia.
   658 | D:2      | Reached XP level 3. HP: 18/18 MP: 4/4
  1022 | D:2      | Found the +8 trident of the Octopus King {venom, rElec
                  | rPois}
  1179 | D:2      | Reached skill level 5 in Ranged Weapons
  1225 | D:2      | Reached XP level 4. HP: 22/22 MP: 5/5
  1311 | D:2      | 1311 ||| READING scroll labelled VULAAT INYD.
  1312 | D:2      | 1312 ||| READING scroll labelled KYPTUD LOCWEESS.
  1314 | D:2      | 1314 ||| Stepping ~*~*~tactically~*~*~ (cloud).
  1320 | D:2      | HP: 5/22 [poisoned by you (poison gas)]
  1670 | D:3      | Found a bloodstained altar of Trog.
  1686 | D:3      | Found a radiant altar of Vehumet.
  1696 | D:3      | Noticed Terence
  1717 | D:3      | Killed Terence
  1762 | D:3      | Noticed Robin
  1784 | D:3      | Killed Robin
  1833 | D:3      | Reached XP level 5. HP: 26/26 MP: 6/6
  1944 | D:3      | Found a shadowy altar of Dithmenos.
  1954 | D:3      | Found a glowing golden altar of the Shining One.
  1955 | D:3      | 1955 ||| UPGRADING to amulet of reflection.
  1960 | D:3      | 1960 ||| UPGRADING to ring of resist corrosion.
  1961 | D:3      | 1961 ||| READING scroll labelled PELLEITINLAU.
  2075 | D:4      | Found Fiahufus's Antique Weapon Boutique.
  2119 | D:4      | Found Zudettat's Antique Armour Boutique.
  2134 | D:4      | 2134 ||| BUYING brightly glowing robe (188 gold).
  2134 | D:4      | Bought a brightly glowing robe for 188 gold pieces
  2134 | D:4      | Identified the +3 robe of the Storm King {rC+ rCorr} (You
                  | bought it in a shop on level 4 of the Dungeon)
  2247 | D:4      | You fall into a shaft and drop 1 floor!
  2247 | D:5      | Entered Level 5 of the Dungeon
  2263 | D:5      | Found an iron altar of Okawaru.
  2264 | D:5      | 2264 ||| PLANNING OKAWARU WORSHIP
  2264 | D:5      | 2264 ||| UPGRADING to +3 robe of the Storm King {rC+
                  | rCorr}.
  2274 | D:5      | 2274 ||| REMOVING ring of resist corrosion.
  2275 | D:5      | 2275 ||| DROPPING +0 robe.
  2276 | D:5      | 2276 ||| DROPPING amulet of magic regeneration.
  2277 | D:5      | 2277 ||| READING scroll labelled KOS DED UREMYMOSI.
  2278 | D:5      | 2278 ||| READING 2 scrolls labelled LAPUVVAODGH.
  2278 | D:5      | 2278 ||| IDENTIFYING glowing purple potion
  2279 | D:5      | 2279 ||| READING scroll of identify.
  2279 | D:5      | 2279 ||| IDENTIFYING amethyst potion
  2280 | D:5      | 2280 ||| DROPPING potion of degeneration.
  2286 | D:5      | Became a worshipper of Warmaster Okawaru
  2287 | D:5      | 2287 ||| PLANNING D:1-11
  2317 | D:5      | Reached skill level 6 in Ranged Weapons
  2341 | D:5      | Noticed a yak
  2354 | D:5      | HP: 6/26 [yak (6)]
  2357 | D:5      | Slain by a yak

Levels and vault maps discovered:
D:1:      dpeg_arrival_castle, layout_rooms,
          shapermc_ecumenical_altar_acropolis, serial_shops, shop,
          nicolae_shop_hallway_plus, nicolae_shop_drivethru,
          nicolae_shop_waterfront, nicolae_shop_industrial_runoff,
          nicolae_concentric_dashed_squares_mild
D:2:      layout_basic
D:3:      layout_basic, nicolae_overflow_quartered_altars, uniq_robin,
          uniq_terence
D:4:      layout_cave_pools, temple_pool_b, serial_shops, shop,
          nicolae_shop_distant_corner_stores, amcnicky_mini_pool_small
D:5:      layout_loops_cross, mainiacjoe_overflow_six_doors_small,
          grunt_decor_resistance, kennysheep_path_1, grunt_decor_clamped,
          st_stairs_5, uniq_pikel, uniq_sigmund

Skill      XL: |  1  2  3  4  5 |
---------------+----------------+-----
Dodging        | 3 4 5 |  5.1
Ranged Weapons | 5 6 |  6.0
Fighting       | 2 |  2.1
Stealth        | |  1.5

Action                     |  1- 3 |  4- 6 || total
---------------------------+-------+-------++-------
   Fire: Shortbow          |   115 |   115 ||   230
    Use: Scroll            |     3 |     6 ||     9
 Armour: Robe              |    19 |    29 ||    48
  Dodge: Dodged            |    36 |    58 ||    94
  Block: Other             |       |     5 ||     5

Table legend:
 A = Non-vault XP
 B = Vault XP
 C = Vault XP percentage of total XP
 D = Non-vault monster count
 E = Vault monster count
 F = Vault count percentage of total count
                 A         B        C        D         E       F
            +---------+---------+-------+---------+---------+-------
      Total |     260 |      79 |  23.3 |      55 |      13 |  19.1
            +---------+---------+-------+---------+---------+-------
        D:1 |      40 |       0 |   0.0 |      22 |       0 |   0.0
        D:2 |      57 |       0 |   0.0 |      14 |       0 |   0.0
        D:3 |      30 |      71 |  70.3 |      10 |      12 |  54.5
        D:4 |      98 |       0 |   0.0 |       8 |       0 |   0.0
        D:5 |      35 |       8 |  18.6 |       1 |       1 |  50.0
            +---------+---------+-------+---------+---------+-------
